 Dungeon Crawl Stone Soup version 0.29.1-15-g9cfb28693d (webtiles) character file.

Game seed: 12248651732218704469

11188 sweetbreads the Earth Mage (level 11, 0/64 HPs)
             Began as a Gargoyle Earth Elementalist on Mar 17, 2023.
             Was a Believer of Vehumet.
             Slain by a torpor snail (16 damage)
             ... on level 1 of the Lair of Beasts on Mar 18, 2023.
             The game lasted 00:54:30 (12217 turns).

sweetbreads the Earth Mage (GrEE)                  Turns: 12217, Time: 00:54:31

Health: 0/64       AC: 18    Str: 13    XL:     11   Next: 73%
Magic:  5/14       EV: 12    Int: 22    God:    Vehumet [**....]
Gold:   735        SH:  7    Dex: 10    Spells: 6/14 levels left

rFire   + . .      SeeInvis .   c - +5 mace (flame)
rCold   . . .      Faith    .   i - +3 buckler {rPois}
rNeg    + . .      Spirit   .   x - +2 robe {rF+}
rPois   ∞          Reflect  .   O - +2 helmet {Int+3}
rElec   +          Harm     .   (no cloak)
rCorr   .          Rampage  .   (no gloves)
Will    .....                   q - +2 pair of boots
Stlth   ++........              r - amulet of regeneration
HPRegen 1.00/turn               (no ring)
MPRegen 0.14/turn               (no ring)

@: slowed, very slow
A: sickness immunity, AC +8, negative energy resistance 1, electricity
resistance, torment resistance 1, petrification resistance
a: Renounce Religion


You were on level 1 of the Lair of Beasts.
You worshipped Vehumet.
Vehumet was pleased with you.
You visited 3 branches of the dungeon, and saw 12 of its levels.
You also visited: Ice Cave.

You collected 735 gold pieces.

Inventory:

Hand Weapons
 a - a +2 whip of electrocution
 b - a +0 whip of holy wrath
 c - a +5 mace of flaming (weapon)
 d - a +0 vampiric whip
 e - a +1 flail of protection
 f - a +1 vorpal flail
 p - a +3 dagger of holy wrath
Missiles
 l - 12 poisoned darts (quivered)
Armour
 i - a +3 buckler of poison resistance (worn)
 n - a +2 helmet
 q - a +2 pair of boots (worn)
 x - a +2 robe of fire resistance (worn)
 G - a +2 leather armour of cold resistance
 O - a +2 helmet of intelligence (worn)
Jewellery
 k - an amulet of guardian spirit
 r - an amulet of regeneration (around neck)
 C - a ring of fire
Wands
 P - a wand of roots (6)
Scrolls
 g - 2 scrolls of teleportation
 j - 6 scrolls of enchant armour
 m - 2 scrolls of vulnerability
 s - a scroll of identify
 t - a scroll of amnesia
 u - a scroll of butterflies
 v - a scroll of immolation
 L - 2 scrolls of blinking
Potions
 h - 2 potions of heal wounds
 o - 2 potions of attraction {unknown}
 y - a potion of magic
 z - 5 potions of lignification
 A - 4 potions of mutation
 D - a potion of might {unknown}
 E - 3 potions of brilliance {unknown}
 F - 2 potions of invisibility {unknown}
 I - 9 potions of curing
 K - a potion of flight {unknown}
 N - a potion of ambrosia {unknown}


   Skills:
 * Level 5.2 Fighting
 - Level 4.0 Maces & Flails
 - Level 4.0 Dodging
 - Level 4.0 Stealth
 - Level 4.0 Shields
 - Level 2.0 Spellcasting
 * Level 7.2 Conjurations
 - Level 4.0 Transmutations
 + Level 16.1 Earth Magic


You had 6 spell levels left.
You knew the following spells:

 Your Spells              Type           Power      Damage    Failure   Level
a - Sandblast             Erth           100%       2d20      1%          1
b - Stone Arrow           Conj/Erth      100%       3d13      1%          3
c - Petrify               Tmut/Erth      46%        N/A       2%          4

Your spell library contained the following spells:

 Spells                   Type           Power      Damage    Failure   Level
 Dazzling Flash           Conj/Hex       36%        N/A       12%         3
 Passwall                 Tmut/Erth      38%        N/A       1%          2


Dungeon Overview and Level Annotations

Branches:
Dungeon (10/15)            Temple (1/1) D:6            Lair (1/5) D:9
  IceCv (visited)
    Orc: D:9-12

Altars:
Ashenzari
Cheibriados
Dithmenos
Elyvilon
Fedhas
Gozag
Hepliaklqana
Kikubaaqudgha
Makhleb
Nemelex Xobeh
Ru
Vehumet
Wu Jian
Xom
Lugonu

Annotations:
D:9 2 transporters


Innate Abilities, Weirdness & Mutations

You are immune to sickness and miasma.
Your stone body is resilient. (AC +8)
You are immune to poison.
You resist negative energy. (rN+)
You are resistant to electric shocks. (rElec)
You are resistant to unholy torment.
You are immune to petrification.


Message History

The torpor snail bites you but does no damage.
Casting: Sandblast (safe; 1% risk of failure)
Confirm with . or Enter, or press ? or * to list all spells.
Aiming: Sandblast (safe; 1% risk of failure)
Press: ? - help, Shift-Dir - straight line, f/p - torpor snail
Aim: a torpor snail (almost dead, 100% to hit)
The blast of sand hits the torpor snail.
The torpor snail is almost dead.
The dream sheep bites you but does no damage. x2
The torpor snail bites you.
* * * LOW HITPOINT WARNING * * *
The dream sheep closely misses you. The dream sheep misses you.
Unknown command.
Casting: Sandblast (safe; 1% risk of failure)
Confirm with . or Enter, or press ? or * to list all spells.
Aiming: Sandblast (safe; 1% risk of failure)
Press: ? - help, Shift-Dir - straight line, f/p - torpor snail
Aim: a torpor snail (almost dead, 100% to hit)
The blast of sand hits the torpor snail.
The torpor snail is almost dead.
You block the dream sheep's attack. The dream sheep closely misses you.
The torpor snail bites you!
* * * LOW HITPOINT WARNING * * *
The dream sheep barely misses you.
The dream sheep bites you but does no damage.
The torpor snail bites you!
* * * LOW HITPOINT WARNING * * *
Unknown command.
Unknown command.
Unknown command.
Casting: Sandblast (safe; 1% risk of failure)
Confirm with . or Enter, or press ? or * to list all spells.
Aiming: Sandblast (safe; 1% risk of failure)
Press: ? - help, Shift-Dir - straight line, f/p - torpor snail
Aim: a torpor snail (almost dead, 100% to hit)
Okay, then.
You feel much better. The dream sheep bites you!
* * * LOW HITPOINT WARNING * * *
The dream sheep barely misses you. The torpor snail bites you!
You die...

.# ##P.#............# ##
#.÷.............##.
.#####÷.................
.##.#...................
.......(................
.....................P#
.#.....#####.........##
###....# #........###
.##....# ##...Y@.##
.......# #...Yw.#
#......# #..†.###
###....# #...## . #....#
#.... # ..... #.....
.....h. .........
..........#


You could see a torpor snail and 2 dream sheep.

Vanquished Creatures
  A two-headed ogre (D:9)
  Pikel (D:4)
  A black mamba (Lair:1)
  An ice statue (IceCv)
  2 cane toads (Lair:1)
  A rime drake (IceCv)
  A hornet (D:8)
  3 polar bears (IceCv)
  3 wyverns
  Sigmund (D:4)
  A vampire (D:9)
  5 yaks
  Eustachio (D:4)
  Grum (D:8)
  A wraith (D:10)
  7 water moccasins
  4 orc warriors
  An ice beast (D:6)
  3 sky beasts
  21 wolves
  2 centaurs
  2 ogres
  A phantom (D:5)
  5 bullfrogs
  2 kobold brigands (D:10)
  A necrophage (D:5)
  2 scorpions
  6 wights
  9 killer bees
  2 jellies (D:6)
  4 hounds
  5 orc priests
  3 iron imps (D:9)
  A gnoll bouda (D:9)
  5 iguanas
  7 orc wizards
  Robin (D:2)
  4 gnolls (D:9)
  8 adders
  A white imp (D:6)
  2 ufetubi (D:5)
  A worm (D:5)
  2 dart slugs
  31 orcs
  3 bats
  3 endoplasms
  A giant cockroach (D:1)
  10 goblins
  7 hobgoblins
  9 jackals
  2 quokkas
  10 ball pythons
  2 frilled lizards
  7 kobolds
  3 rats
224 creatures vanquished.

Vanquished Creatures (collateral kills)
  A centaur (D:10)
1 creature vanquished.

Vanquished Creatures (others)
  A fungus (Lair:1)
1 creature vanquished.

Grand Total: 226 creatures vanquished

Notes
Turn   | Place    | Note
-------+----------+-------------------------------------------
     0 | D:1      | sweetbreads the Gargoyle Earth Elementalist began the quest
                  | for the Orb.
     0 | D:1      | Reached XP level 1. HP: 10/10 MP: 3/3
   103 | D:2      | Noticed Robin
   309 | D:1      | Reached XP level 2. HP: 15/15 MP: 1/5
   357 | D:1      | Reached skill level 1 in Transmutations
   357 | D:1      | Reached skill level 4 in Earth Magic
  1257 | D:2      | Reached XP level 3. HP: 12/19 MP: 1/6
  1265 | D:1      | Learned a level 3 spell: Stone Arrow
  1978 | D:2      | Found a faded altar of an unknown god.
  2407 | D:2      | Killed Robin
  2408 | D:2      | Reached skill level 5 in Earth Magic
  2408 | D:2      | Reached XP level 4. HP: 24/24 MP: 3/7
  2476 | D:2      | You fall into a shaft and drop 2 floors!
  2483 | D:4      | Noticed an ogre
  3265 | D:4      | Noticed a scorpion
  3267 | D:4      | Killed a scorpion
  3268 | D:4      | Reached XP level 5. HP: 28/28 MP: 5/8
  3307 | D:4      | Learned a level 4 spell: Petrify
  3340 | D:4      | Killed an ogre
  3341 | D:4      | Reached skill level 6 in Earth Magic
  3341 | D:4      | Reached XP level 6. HP: 32/32 MP: 6/9
  3445 | D:4      | Noticed Sigmund
  3672 | D:4      | Noticed Pikel
  3700 | D:4      | Killed Pikel
  3701 | D:4      | Reached skill level 8 in Earth Magic
  3701 | D:4      | Reached XP level 7. HP: 29/36 MP: 0/10
  3912 | D:4      | Noticed Eustachio
  4020 | D:5      | Entered Level 5 of the Dungeon
  4041 | D:5      | Reached skill level 9 in Earth Magic
  4297 | D:5      | Reached XP level 8. HP: 42/42 MP: 7/11
  4357 | D:5      | Reached skill level 1 in Fighting
  4357 | D:5      | Reached skill level 1 in Conjurations
  4682 | D:5      | Reached skill level 10 in Earth Magic
  5494 | D:6      | Found a staircase to the Ecumenical Temple.
  5524 | Temple   | Entered the Ecumenical Temple
  5675 | Temple   | Became a worshipper of Vehumet
  5908 | D:6      | Reached skill level 11 in Earth Magic
  5971 | D:6      | Reached XP level 9. HP: 49/49 MP: 10/12
  6618 | D:7      | Reached skill level 12 in Earth Magic
  7084 | D:7      | Found a blossoming altar of Fedhas.
  7350 | D:8      | Noticed a hornet
  7420 | D:8      | Reached * piety under Vehumet
  7420 | D:8      | Offered knowledge of Magic Dart by Vehumet.
  7633 | D:8      | Reached skill level 13 in Earth Magic
  7705 | D:8      | Reached XP level 10. HP: 56/56 MP: 10/13
  7833 | D:8      | Noticed Grum
  7844 | D:8      | Killed Grum
  7907 | D:8      | Reached skill level 14 in Earth Magic
  8069 | D:8      | Found a shimmering altar of Xom.
  8071 | D:8      | Found a sparkling altar of Nemelex Xobeh.
  8113 | D:8      | Reached skill level 5 in Conjurations
  8383 | D:4      | Killed Eustachio
  8831 | D:4      | Killed Sigmund
  8832 | D:4      | Reached skill level 1 in Maces & Flails
  8968 | D:8      | Found a shadowy altar of Dithmenos.
  9162 | D:9      | Reached ** piety under Vehumet
  9166 | D:9      | Offered knowledge of Foxfire by Vehumet.
  9330 | D:9      | Found a staircase to the Lair.
  9476 | D:9      | Found a hazy altar of Hepliaklqana.
  9545 | D:9      | Noticed a two-headed ogre
  9555 | D:9      | Noticed a cyan ugly thing
  9662 | D:9      | Found a transporter.
  9662 | D:9      | Found a transporter.
  9663 | D:9      | Found a corrupted altar of Lugonu.
  9664 | D:9      | Noticed a purple ugly thing
  9774 | D:9      | Found a burning altar of Makhleb.
  9907 | D:9      | Noticed a two-headed ogre
  9976 | D:9      | Killed a two-headed ogre
  9977 | D:9      | Reached skill level 15 in Earth Magic
 10038 | D:10     | Entered Level 10 of the Dungeon
 10200 | D:10     | Identified a scroll of acquirement
 10200 | D:10     | Acquired a +1 buckler of poison resistance
 10551 | D:10     | Offered knowledge of Dazzling Flash by Vehumet.
 10552 | D:10     | Reached XP level 11. HP: 61/61 MP: 12/14
 10557 | D:10     | Reached skill level 1 in Shields
 10867 | D:10     | Found a white marble altar of Elyvilon.
 10870 | D:10     | Noticed a vault guard
 11028 | Lair:1   | Entered Level 1 of the Lair of Beasts
 11171 | Lair:1   | Noticed a death yak
 11221 | D:9      | Noticed a swamp dragon
 11729 | Lair:1   | Found a frozen archway.
 11761 | IceCv    | Entered an ice cave
 11953 | IceCv    | Reached skill level 5 in Fighting
 11953 | IceCv    | Reached skill level 16 in Earth Magic
 12016 | IceCv    | Noticed a death yak
 12122 | IceCv    | Noticed a death yak
 12217 | Lair:1   | Slain by a torpor snail

Illustrated notes

Levels and vault maps discovered:
D:1:      dpeg_arrival_pits, layout_basic, nicolae_kite_square_tiling_tiny
D:2:      layout_basic, shapermc_ecumenical_altar_gd, uniq_robin
D:3:      layout_basic, serial_bayou_lagoon_b
D:4:      layout_loops_cross, uniq_eustachio, uniq_sigmund, uniq_pikel
D:5:      layout_basic
D:6:      layout_loops_cross, minmay_temple_entry_mini_moons
D:7:      layout_gridville, mainiacjoe_overflow_chevrons
D:8:      layout_loops_cross, nicolae_overflow_hidden_temple, uniq_grum
D:9:      gammafunk_corrupted_shrine, layout_rooms, demons_altar,
          mainiacjoe_overflow_paths, lair_entry_dummy
D:10:     layout_layer_cave, elyvilon_altar_5, enter_trove_5
Temple:   regret_index_temple_generic_petals
Lair:1:   layout_gridlike, portal_ice_cave_entry_pillars_1, beast_lair_carwin_5

Skill      XL: |  1  2  3  4  5  6  7  8  9 10 11 |
---------------+----------------------------------+-----
Transmutations | 1 2 4 |  4.0
Earth Magic    | 4 5 6 8 9 11 13 15 16 | 16.1
Dodging        | 2 3 4 |  4.0
Stealth        | 3 4 |  4.0
Fighting       | 2 4 5 |  5.2
Conjurations   | 2 4 5 7 |  7.2
Maces & Flails | 2 4 |  4.0
Shields        | 4 |  4.0
Spellcasting   | |  2.0

Action                   |  1- 3 |  4- 6 |  7- 9 | 10-12 || total
-------------------------+-------+-------+-------+-------++-------
Melee: Dagger            |     2 |     1 |       |       ||     3
       Spear             |       |     2 |       |       ||     2
       Punch             |       |     1 |       |       ||     1
       Mace              |       |       |       |     8 ||     8
Throw: Dart              |       |       |       |    10 ||    10
 Cast: Sandblast         |    56 |    42 |   141 |   212 ||   451
       Petrify           |       |       |       |     8 ||     8
       Stone Arrow       |       |       |       |     2 ||     2
Evoke: Wand              |       |     6 |       |       ||     6
  Use: Scroll            |       |       |       |    24 ||    24
       Potion            |       |       |       |     2 ||     2
Armor: Robe              |     6 |     7 |    38 |   128 ||   179
       Leather armour    |       |       |       |     2 ||     2
Dodge: Dodged            |    12 |    16 |    42 |   142 ||   212
Block: Buckler           |       |       |       |    61 ||    61
